TOP OF THE 1ST |
---|
Connecticut Huskies batting - Pitching for Northwestern Wildcats : RHP Phillip Adams | Pitching: RHP Phillip Adams | | Batting: RHB Anthony Payton | 0-0: Ball 1-0: Called Strike 1-1: Fly out, F7 (Flyball, 78D) | Batting: LHB Roberto Martínez | 0-0: Called Strike 0-1: Foul Ball, location: 2F 0-2: Ball 1-2: Reached on error, E6 (Groundball, 6MS) | Batting: RHB Bill Starr | 0-0: Called Strike 0-1: SINGLE (Groundball, 56S) (infield hit) Roberto Martínez to second | Batting: LHB Alejandro Piña | 0-0: Ball 1-0: Foul Ball, location: 2F 1-1: Foul Ball, location: 2F 1-2: SINGLE (Flyball, 78S) Roberto Martínez to third Bill Starr to second | Batting: RHB Phil Gabriel | 0-0: Ball 1-0: Called Strike 1-1: Swinging Strike 1-2: Foul Ball, location: 2F 1-2: Ball 2-2: Ball 3-2: Base on Balls Roberto Martínez scores Bill Starr to third Alejandro Piña to second | Batting: RHB Ron Frost | 0-0: Ball 1-0: Foul Ball, location: 2F 1-1: Called Strike 1-2: Ball 2-2: Ball 3-2: Strikes out looking | Batting: LHB Garth Gallegos | 0-0: Called Strike 0-1: Fly out, F7 (Flyball, 7S) | Top of the 1st over - 1 run, 2 hits, 1 error, 3 left on base; Connecticut 1 - Northwestern 0 | BOTTOM OF THE 1ST |
---|
Northwestern Wildcats batting - Pitching for Connecticut Huskies : RHP Edward Underwood | Pitching: RHP Edward Underwood | | Batting: RHB Dave Singleton | 0-0: Ball 1-0: Ball 2-0: Foul Ball, location: 2F 2-1: Foul Ball, location: 2F 2-2: SINGLE (Flyball, 8RS) | Batting: RHB Thomas Jordan | 0-0: Ball 1-0: Foul Ball, location: 2F 1-1: Ball Dave Singleton steals 2nd base 2-1: Ground out 5-3 (Groundball, 25) Dave Singleton to third | Batting: RHB Paul French | 0-0: Fly out, F2 (Popup, 2L) | Batting: RHB Artie Rivers | 0-0: SINGLE (Line Drive, 89M) Dave Singleton scores | Batting: RHB Dan Hart | 0-0: Ball 1-0: Ball 2-0: Fly out, F9 (Flyball, 89D) | Bottom of the 1st over - 1 run, 2 hits, 0 errors, 1 left on base; Connecticut 1 - Northwestern 1 | TOP OF THE 2ND |
---|
Connecticut Huskies batting - Pitching for Northwestern Wildcats : RHP Phillip Adams | Batting: SHB José Ramírez | 0-0: Swinging Strike 0-1: SINGLE (Groundball, 4MD) | Batting: RHB Eric Vaughn | 0-0: Ball 1-0: Ball 2-0: Called Strike 2-1: Ball 3-1: Foul Ball, location: 2F 3-2: TRIPLE (Flyball, 9D) José Ramírez scores | Batting: RHB Anthony Payton | 0-0: Foul Ball, location: 2F 0-1: Called Strike 0-2: Fly out, F9 (Flyball, 9) Runner from 3rd tags up, SCORES, throw made | Batting: LHB Roberto Martínez | 0-0: Ball 1-0: Foul Ball, location: 2F 1-1: Fly out, F4 (Line Drive, 4) | Batting: RHB Bill Starr | 0-0: Ball 1-0: Called Strike 1-1: Ball 2-1: Ball 3-1: Called Strike 3-2: Reached on error, E9 (Flyball, 9) | Batting: LHB Alejandro Piña | 0-0: Called Strike 0-1: Called Strike 0-2: Strikes out swinging | Top of the 2nd over - 2 runs, 2 hits, 1 error, 1 left on base; Connecticut 3 - Northwestern 1 | BOTTOM OF THE 2ND |
---|
Northwestern Wildcats batting - Pitching for Connecticut Huskies : RHP Edward Underwood | Batting: LHB Juan Díaz | 0-0: Called Strike 0-1: Ball 1-1: Fly out, F9 (Flyball, 9LS) | Batting: RHB Johnny Marshall | 0-0: Called Strike 0-1: Foul Ball, location: 2F 0-2: Ball 1-2: Ball 2-2: Fly out, F8 (Flyball, 8LD) | Batting: LHB Carl Picot | 0-0: Called Strike 0-1: Foul Ball, location: 2F 0-2: Strikes out swinging | Bottom of the 2nd over - 0 runs, 0 hits, 0 errors, 0 left on base; Connecticut 3 - Northwestern 1 | TOP OF THE 3RD |
---|
Connecticut Huskies batting - Pitching for Northwestern Wildcats : RHP Phillip Adams | Batting: RHB Phil Gabriel | 0-0: Ball 1-0: Called Strike 1-1: SINGLE (Flyball, 7S) | Batting: RHB Ron Frost | 0-0: Called Strike 0-1: Foul Ball, location: 2F 0-2: Foul Ball, location: 2F 0-2: Ball 1-2: Foul Ball, location: 2F 1-2: Ball 2-2: Fly out, F7 (Flyball, 78D) | Batting: LHB Garth Gallegos | 0-0: Called Strike 0-1: Ball 1-1: Foul Ball, location: 2F 1-2: Fly out, F8 (Flyball, 8RD) | Batting: SHB José Ramírez | 0-0: Called Strike 0-1: Ball 1-1: Ball 2-1: Foul Ball, location: 2F 2-2: Ball 3-2: Foul Ball, location: 2F 3-2: Strikes out swinging | Top of the 3rd over - 0 runs, 1 hit, 0 errors, 1 left on base; Connecticut 3 - Northwestern 1 | BOTTOM OF THE 3RD |
---|
Northwestern Wildcats batting - Pitching for Connecticut Huskies : RHP Edward Underwood | Batting: RHB Ben Bond | 0-0: Ball 1-0: Swinging Strike 1-1: Ball 2-1: Foul Ball, location: 2F 2-2: Foul Ball, location: 2F 2-2: Ball 3-2: Foul Ball, location: 2F 3-2: Base on Balls | Batting: RHB Dave Singleton | 0-0: Ball 1-0: Called Strike 1-1: Fly out, F2 (Popup, 13S) | Batting: RHB Thomas Jordan | 0-0: Called Strike 0-1: SINGLE (Line Drive, 3D) Ben Bond to second Runner from 2nd tries for 3rd, SAFE, throw made to third | Batting: RHB Paul French | 0-0: Ball 1-0: Fly out, F8 (Flyball, 8LS) Runner from 3rd tags up, SCORES, throw made | Batting: RHB Artie Rivers | 0-0: Ball 1-0: Foul Ball, location: 2F 1-1: Ball 2-1: Called Strike 2-2: Strikes out swinging | Bottom of the 3rd over - 1 run, 1 hit, 0 errors, 1 left on base; Connecticut 3 - Northwestern 2 | TOP OF THE 4TH |
---|
Connecticut Huskies batting - Pitching for Northwestern Wildcats : RHP Phillip Adams | Batting: RHB Eric Vaughn | 0-0: Ball 1-0: Ball 2-0: Called Strike 2-1: Swinging Strike 2-2: Strikes out looking | Batting: RHB Anthony Payton | 0-0: Ball 1-0: Ball 2-0: Called Strike 2-1: SINGLE (Flyball, 89S) | Pitching: LHP François Séguin | | Batting: LHB Roberto Martínez | 0-0: Foul Ball, location: 2F 0-1: Ball 1-1: Ball 2-1: Foul Ball, location: 2F 2-2: Strikes out swinging | Batting: RHB Bill Starr | 0-0: SINGLE (Groundball, 3) (infield hit) Anthony Payton to second | Batting: LHB Alejandro Piña | 0-0: Ball 1-0: Called Strike 1-1: Foul Ball, location: 2F 1-2: Ball 2-2: Fly out, F8 (Flyball, 8RS) | Top of the 4th over - 0 runs, 2 hits, 0 errors, 2 left on base; Connecticut 3 - Northwestern 2 | BOTTOM OF THE 4TH |
---|
Northwestern Wildcats batting - Pitching for Connecticut Huskies : RHP Edward Underwood | Batting: RHB Dan Hart | 0-0: Swinging Strike 0-1: Ball 1-1: SINGLE (Flyball, 89S) | Batting: LHB Juan Díaz | 0-0: Swinging Strike 0-1: Foul Ball, location: 2F 0-2: Strikes out swinging | Batting: RHB Johnny Marshall | 0-0: Fly out, F5 (Line Drive, 56) | Batting: LHB Carl Picot | 0-0: Ball 1-0: Ball 2-0: Called Strike 2-1: Called Strike 2-2: Fly out, F8 (Flyball, 8LD) | Bottom of the 4th over - 0 runs, 1 hit, 0 errors, 1 left on base; Connecticut 3 - Northwestern 2 | TOP OF THE 5TH |
---|
Connecticut Huskies batting - Pitching for Northwestern Wildcats : LHP François Séguin | Batting: RHB Phil Gabriel | 0-0: Ball 1-0: Ball 2-0: Ball 3-0: Called Strike 3-1: Foul Ball, location: 2F 3-2: Strikes out looking | Batting: RHB Ron Frost | 0-0: Called Strike 0-1: Ball 1-1: Ground out 6-3 (Groundball, 6) | Batting: LHB Garth Gallegos | 0-0: Foul Ball, location: 2F 0-1: Ball 1-1: Swinging Strike 1-2: Strikes out swinging | Top of the 5th over - 0 runs, 0 hits, 0 errors, 0 left on base; Connecticut 3 - Northwestern 2 | BOTTOM OF THE 5TH |
---|
Northwestern Wildcats batting - Pitching for Connecticut Huskies : RHP Edward Underwood | Batting: RHB Ben Bond | 0-0: Called Strike 0-1: Swinging Strike 0-2: Ball 1-2: Strikes out swinging | Batting: RHB Dave Singleton | 0-0: Ball 1-0: Called Strike 1-1: Ball 2-1: DOUBLE (Line Drive, 89D) | Batting: RHB Thomas Jordan | 0-0: Fly out, F9 (Flyball, 9) | Batting: RHB Paul French | 0-0: Ground out 6-3 (Groundball, 6) | Bottom of the 5th over - 0 runs, 1 hit, 0 errors, 1 left on base; Connecticut 3 - Northwestern 2 | TOP OF THE 6TH |
---|
Connecticut Huskies batting - Pitching for Northwestern Wildcats : LHP François Séguin | Batting: SHB José Ramírez | 0-0: Ball 1-0: Called Strike 1-1: Called Strike 1-2: Strikes out swinging | Batting: RHB Eric Vaughn | 0-0: Called Strike 0-1: Ball 1-1: Ball 2-1: SINGLE (Groundball, 3D) | Batting: RHB Anthony Payton | 0-0: Ball 1-0: Called Strike Pickoff Throw to First - Out! 1-1: Swinging Strike 1-2: Ball 2-2: Strikes out swinging | Top of the 6th over - 0 runs, 1 hit, 0 errors, 0 left on base; Connecticut 3 - Northwestern 2 | BOTTOM OF THE 6TH |
---|
Northwestern Wildcats batting - Pitching for Connecticut Huskies : RHP Edward Underwood | Batting: RHB Artie Rivers | 0-0: Called Strike 0-1: Ground out 6-3 (Groundball, 6) | Batting: RHB Dan Hart | 0-0: Ball 1-0: Ball 2-0: Ball 3-0: Base on Balls | Batting: LHB Juan Díaz | 0-0: Ball 1-0: Foul Ball, location: 2F 1-1: Ball 2-1: Ball 3-1: Foul Ball, location: 2F 3-2: Reached on error, E3 (Groundball, 34S) Dan Hart to second | Pitching: RHP Kenny Baker | | Batting: RHB Johnny Marshall | 0-0: Ball 1-0: Called Strike 1-1: Ball 2-1: Swinging Strike 2-2: Strikes out swinging | Batting: LHB Carl Picot | 0-0: Called Strike 0-1: Ball 1-1: Ball 2-1: Ball 3-1: Base on Balls Dan Hart to third Juan Díaz to second | Batting: RHB Ben Bond | 0-0: Ball 1-0: Ball 2-0: Foul Ball, location: 2F 2-1: Foul Ball, location: 2F 2-2: Ball 3-2: Base on Balls Dan Hart scores Juan Díaz to third Carl Picot to second | Batting: RHB Dave Singleton | 0-0: Reached on error, E6 (Groundball, 6S) Juan Díaz scores Carl Picot to third Ben Bond to second | Batting: RHB Thomas Jordan | 0-0: Called Strike 0-1: Ball 1-1: Ball 2-1: Ball Wild Pitch! Carl Picot scores Ben Bond to third Dave Singleton to second 3-1: Base on Balls | Batting: RHB Paul French | 0-0: Ball 1-0: Ball 2-0: Fly out, F8 (Flyball, 8LD) | Bottom of the 6th over - 3 runs, 0 hits, 2 errors, 3 left on base; Connecticut 3 - Northwestern 5 | TOP OF THE 7TH |
---|
Connecticut Huskies batting - Pitching for Northwestern Wildcats : LHP François Séguin | Batting: LHB Roberto Martínez | 0-0: Ball 1-0: Called Strike 1-1: Fly out, F4 (Flyball, 34D) | Batting: RHB Bill Starr | 0-0: SINGLE (Line Drive, 9S) | Batting: LHB Alejandro Piña | 0-0: Ball 1-0: Foul Ball, location: 2F 1-1: Ball 2-1: Foul Ball, location: 2F 2-2: Strikes out looking | Batting: RHB Phil Gabriel | 0-0: Ball 1-0: Foul Ball, location: 2F 1-1: Ball 2-1: Ball 3-1: Base on Balls Bill Starr to second | Batting: RHB Ron Frost | 0-0: Ball 1-0: Ball 2-0: Called Strike 2-1: Foul Ball, location: 2F 2-2: Ball 3-2: Base on Balls Bill Starr to third Phil Gabriel to second | Pitching: LHP Erik Perkins | | Batting: LHB Garth Gallegos | 0-0: Ground out 4-3 (Groundball, 34) | Top of the 7th over - 0 runs, 1 hit, 0 errors, 3 left on base; Connecticut 3 - Northwestern 5 | BOTTOM OF THE 7TH |
---|
Northwestern Wildcats batting - Pitching for Connecticut Huskies : RHP Kenny Baker | Batting: RHB Artie Rivers | 0-0: Ball 1-0: Ball 2-0: Ball 3-0: Base on Balls | Batting: RHB Dan Hart | 0-0: Ball 1-0: Ball 2-0: Swinging Strike 2-1: Swinging Strike 2-2: Ball 3-2: Foul Ball, location: 2F 3-2: Foul Ball, location: 2F 3-2: Strikes out swinging Artie Rivers steals 2nd base Batter strikes out. | Batting: LHB Juan Díaz | 0-0: Intentional Walk | Batting: RHB Johnny Marshall | 0-0: Called Strike 0-1: Called Strike 0-2: Ball 1-2: Foul Ball, location: 2F 1-2: Ball 2-2: Fielders Choice at 2nd, 4-6 (Groundball, 4M) Artie Rivers to third | Pitching: RHP Nathan Collins | | Batting: LHB Carl Picot | 0-0: Called Strike 0-1: Ball 1-1: Ball 2-1: Fielders Choice at 2nd, 5-4 (Groundball, 56) | Bottom of the 7th over - 0 runs, 0 hits, 0 errors, 2 left on base; Connecticut 3 - Northwestern 5 | TOP OF THE 8TH |
---|
Connecticut Huskies batting - Pitching for Northwestern Wildcats : LHP Erik Perkins | Batting: SHB José Ramírez | 0-0: Ball 1-0: Called Strike 1-1: Swinging Strike 1-2: Foul Ball, location: 2F 1-2: Ball 2-2: SOLO HOME RUN (Flyball, 9LD), Distance : 320 ft | Batting: RHB Eric Vaughn | 0-0: Ball 1-0: Ball 2-0: Called Strike 2-1: Ball 3-1: Base on Balls | Pitching: RHP Edward Bontein | | Batting: RHB Anthony Payton | 0-0: Bunted foul 0-1: Sac Bunt - play at first, batter OUT! 1-4 Eric Vaughn to second | Batting: LHB Roberto Martínez | 0-0: Called Strike 0-1: Foul Ball, location: 2F 0-2: Strikes out swinging | Batting: RHB Bill Starr | 0-0: Fly out, F8 (Flyball, 8RM) | Top of the 8th over - 1 run, 1 hit, 0 errors, 1 left on base; Connecticut 4 - Northwestern 5 | BOTTOM OF THE 8TH |
---|
Northwestern Wildcats batting - Pitching for Connecticut Huskies : RHP Nathan Collins | Batting: RHB Ben Bond | 0-0: Ball 1-0: Swinging Strike 1-1: Ball 2-1: Foul Ball, location: 2F 2-2: Ball 3-2: Foul Ball, location: 2F 3-2: Base on Balls | Batting: RHB Dave Singleton | 0-0: Fly out, F3 (Flyball, 3DF) | Batting: RHB Thomas Jordan | 0-0: Ball 1-0: Foul Ball, location: 2F 1-1: Fly out, F9 (Line Drive, 89S) | Batting: RHB Paul French | 0-0: Foul Ball, location: 2F 0-1: Ground out 6-3 (Groundball, 6S) | Bottom of the 8th over - 0 runs, 0 hits, 0 errors, 1 left on base; Connecticut 4 - Northwestern 5 | TOP OF THE 9TH |
---|
Connecticut Huskies batting - Pitching for Northwestern Wildcats : RHP Edward Bontein | Pitching: RHP Miguel Gómez | | Batting: LHB Alejandro Piña | 0-0: DOUBLE (Groundball, 5L) | Batting: RHB Phil Gabriel | 0-0: Ball 1-0: Ball 2-0: Foul Ball, location: 2F 2-1: Ball 3-1: Foul Ball, location: 2F 3-2: SINGLE (Line Drive, 6D) Alejandro Piña to third | Batting: RHB Ron Frost | 0-0: Called Strike 0-1: Ball 1-1: SINGLE (Flyball, 8RS) Alejandro Piña scores Phil Gabriel to second Runner from 2nd tries for 3rd, OUT! | Batting: LHB Garth Gallegos | 0-0: Called Strike 0-1: Ball 1-1: Ball 2-1: Foul Ball, location: 2F 2-2: Strikes out swinging | Batting: SHB José Ramírez | 0-0: Ball 1-0: Fly out, F8 (Flyball, 8RD) | Top of the 9th over - 1 run, 3 hits, 0 errors, 1 left on base; Connecticut 5 - Northwestern 5 | BOTTOM OF THE 9TH |
---|
Northwestern Wildcats batting - Pitching for Connecticut Huskies : RHP Nathan Collins | Pitching: LHP Ryan Vachon | | Batting: RHB Artie Rivers | 0-0: Ball 1-0: Foul Ball, location: 2F 1-1: Ground out 6-3 (Groundball, 6) | Batting: RHB Dan Hart | 0-0: Called Strike 0-1: Ball 1-1: Ball 2-1: Reached on error, E9 (Flyball, 89D) | Pinch Hitting: RHB Greg Fowler | 0-0: Swinging Strike 0-1: Called Strike 0-2: Foul Ball, location: 2F 0-2: Ball 1-2: Ball 2-2: Foul Ball, location: 2F 2-2: Ball 3-2: 2-RUN HOME RUN (Flyball, 9D), Distance : 369 ft | Saturday, December 16th, 2017 - OOTP Baseball 18.8 Build 76 |
|